 Dungeon Crawl Stone Soup version 0.28-a0-828-g0121872642 (webtiles) character file.

Game seed: 4943664856595342089

0 croobank the Ducker (level 1, -13/10 HPs)
             Began as a Felid Abyssal Knight on Nov 11, 2021.
             Was a Follower of Lugonu.
             Killed from afar by an efreet (19 damage)
             ... with a fireball
             ... on level 1 of the Abyss.
             The game lasted 00:02:08 (76 turns).

croobank the Ducker (Felid Abyssal Knight)            Turns: 76, Time: 00:02:09

Health: -13/10     AC:  1    Str:  9    XL:     1   Next: 0%
Magic:  3/3        EV: 18    Int: 11    God:    Lugonu [*.....]
Gold:   16         SH:  0    Dex: 16    Spells: 0/0 levels left
                                        Lives:  0   Deaths: 0

rFire   . . .      SeeInvis +     - Unarmed
rCold   . . .      Faith    .   (shield unavailable)
rNeg    . . .      Spirit   .   (armour unavailable)
rPois   .          Reflect  .   (helmet unavailable)
rElec   .          Harm     .   (cloak unavailable)
rCorr   .          Rampage  .   (gloves unavailable)
Will    .....                   (boots unavailable)
Stlth   +.........              (no amulet)
HPRegen 0.03/turn               (no ring)
MPRegen 0.08/turn               (no ring)

@: quick
A: very small, claws 1, fangs 3, see invisible, speed 1, shaggy fur 1, stealthy
paws, no weapons or thrown items, no armour, multi-lived
a: Renounce Religion, Depart the Abyss


You were on level 1 of the Abyss.
You worshipped Lugonu.
Lugonu was aware of your devotion.
You visited 0 branches of the dungeon, and saw 0 of its levels.
You visited the Abyss 1 time.

You collected 16 gold pieces.

You aren't carrying anything.


   Skills:
 + Level 3.0 Fighting
 + Level 3.2 Dodging
 + Level 2.0 Unarmed Combat
 + Level 1.7 Invocations


You couldn't memorise any spells.
You didn't know any spells.
Your spell library was empty.

Dungeon Overview and Level Annotations

Branches:
Dungeon (0/15)

Altars:


Innate Abilities, Weirdness & Mutations

You have sharp claws.
You have razor-sharp teeth.
You have supernaturally acute eyesight. (SInv)
You cover ground quickly. (Speed+)
You are covered in fur. (AC +1)
Your paws help you pounce on unaware monsters.
You are incapable of wielding weapons or throwing items.
You cannot wear armour.
You gain extra lives every three experience levels.


Message History

Welcome, croobank the Felid Abyssal Knight.
Are you destined to find the astounding Orb of Zot, or to die trying?
Lugonu says: Depart the Abyss and spread corruption, my servant! (use the ability menu to exit the Abyss) Press ? for a list of commands and other information.
Found a corrupted altar of Lugonu.
Found a gateway leading out of the Abyss.
There is a gateway leading out of the Abyss here.
Found 18 bolts.
You now have 16 gold pieces.
A lurking horror comes into view.
Press: ? - help, . - travel You can't see that place. [the floor.]
You don't know any spells.
Your library has no spells.
Your body is wracked with pain!
You start resting.
A chaos spawn comes into view.
Press: ? - help, . - travel You can't see that place. [the floor.]
An efreet comes into view.
It is wielding a +2 scimitar of flaming.
Press: ? - help, v - describe, . - travel A rock wall.
The chaos spawn buzzes angrily.
The efreet gestures at you.
The fireball explodes!
The fireball engulfs you!!
Ouch! That really hurt!
You die...

# .# .# ##
### .# #.# .
. . .#.##..#
.# # ..#..
... #..# #..
#@# # #.#
###.###
#.#....4...##
.
#...#.##...#
... ..
#..#...#R..#
#...#
##.......○###
..
#.....#.####°
## ....###..#
## # . ...
#.#.. ...#


You could see an efreet.

Vanquished Creatures (others)
  A lurking horror (Abyss:1)
1 creature vanquished.

Notes
Turn   | Place    | Note
-------+----------+-------------------------------------------
     0 | Abyss:1  | croobank the Felid Abyssal Knight began the quest for the
                  | Orb.
     0 | Abyss:1  | Reached XP level 1. HP: 10/10 MP: 3/3
    70 | Abyss:1  | Noticed a chaos spawn
    72 | Abyss:1  | Noticed an efreet
    76 | Abyss:1  | Killed from afar by an efreet

Illustrated notes

Levels and vault maps discovered:
Abyss:1:  base: Temple, base:
Temple

Table legend: (Time is in decaauts)
 A = Elapsed time spent in this place.
 B = Non-inter-level travel time spent in this place.
 C = Inter-level travel time spent in this place.
 D = Time resting spent in this place.
 E = Time spent auto-exploring this place.
 F = Levels seen in this place.
 G = Mean time per level.
                   A        B        C        D        E       F      G
               +--------+--------+--------+--------+--------+-----+--------+
         Total |     65 |     65 |      0 |     20 |     31 |   1 |   65.0 |
         Abyss |     65 |     65 |      0 |     20 |     31 |   1 |   65.0 |
               +--------+--------+--------+--------+--------+-----+--------+

Top non-repeatable levels by time:
 Abyss:1: 65 daAuts
